[Event "Team 45 45 League T42"]
[Site "Internet Chess Club"]
[Date "2009.08.30"]
[Round "5"]
[White "hcarstens"]
[Black "taichichen"]
[Result "0-1"]
[WhiteElo "1247"]
[BlackElo "1235"]
[Opening "Boden-Kieseritsky gambit"]
[ECO "C27"]
[Time "08:54:27"]
[TimeControl "2700+45"]

1. e4 e5 2. Bc4 Nf6 3. Nc3 Nxe4 4. Nf3 Nc6 5. O-O Nxc3 6. bxc3 d5 7. Bb3 Bg4 8.
d4 e4 9. Re1 Bd6 10. Bxd5 Bxf3 11. Qxf3 O-O 12. Bxe4 Re8 13. Qh3 g6 14. Bh6 Qe7
15. Bd2 Qf6 16. Re3 Bf4 17. Qf3 Re6 18. d5 Bxe3 19. Qxe3 Re5 20. dxc6 bxc6 21.
f4 Re6 22. Qf3 Rd8 23. Be3 Rde8 24. Bd4 Qe7 25. Rf1 Rxe4 26. Bf2 Qf6 27. f5 Qxf5
28. Qxf5 gxf5 29. Bxa7 Re2 30. Bd4 Rxc2 31. a3 c5 32. Bxc5 Rxc3 33. Bb4 Rc2 34.
Rxf5 Ree2 35. Rg5+ Kh8 36. h3 f6 37. Rg3 c5 38. Ba5 Ra2 39. Bb6 c4 40. Bd4 Re6
41. Rc3 Kg8 42. Rxc4 Rxa3 43. Rc8+ Kf7 44. Rc7+ Kg6 45. Rc8 Ra2 46. Rg8+ Kf5 47.
Rh8 Ree2 48. Rxh7 Rxg2+ 49. Kf1 Rh2 50. Rh5+ Kg6 51. Rh8 Rh1+ 52. Bg1 Rah2 53.
Rg8+ Kf5 54. Rg2 Rxh3 55. Rf2+ Ke4 56. Rxf6 Rg3 57. Re6+ Kf5 58. Re8 Rgxg1+ 59.
Kf2 Rf1+ 60. Kg2 Rhg1+ 61. Kh2 Ra1 62. Rf8+ Ke6 63. Rf2 Rg8 64. Re2+ Kd5 65.
Rd2+ Ke4 66. Rg2 Rxg2+ 67. Kxg2 Ke3 68. Kg3 Rg1+ 69. Kh4 Kf4 70. Kh5 Rg2 71. Kh6
Kf5 72. Kh7 Kf6 73. Kh8 Kf7 74. Kh7 Rh2# {White checkmated} 0-1

[Event "Team 45 45 League T42"]
[Site "Internet Chess Club"]
[Date "2009.08.30"]
[Round "5"]
[White "jacknor"]
[Black "oldsj"]
[Result "0-1"]
[WhiteElo "1609"]
[BlackElo "1683"]
[Opening "Scotch gambit: Dubois-Réti defense"]
[ECO "C55"]
[Time "09:03:45"]
[TimeControl "2700+45"]

1. e4 e5 2. Nf3 Nc6 3. d4 exd4 4. Bc4 Nf6 5. e5 d5 6. Bb5 Ne4 7. Nxd4 Bd7 8.
Bxc6 bxc6 9. O-O Bc5 10. f3 Ng5 11. f4 Ne4 12. Be3 Qe7 13. Nd2 Nxd2 14. Qxd2 O-O
15. Qc3 Bb6 16. Nb3 f6 17. Nc5 Bf5 18. Rae1 fxe5 19. fxe5 Be6 20. Bd4 Rxf1+ 21.
Rxf1 Rf8 22. Rxf8+ Kxf8 23. b4 Kg8 24. Kf2 Qh4+ 25. Kg1 Bxc5 26. Bxc5 a6 27. h3
Qe4 28. Qd3 Bf5 29. Qxe4 dxe4 30. c3 Be6 31. a3 Bd5 32. Be7 Kf7 33. Bd8 Ke6 34.
Bxc7 e3 35. g3 Bc4 36. Bd6 Kd5 37. Bf8 g6 38. Bh6 Ke4 39. Bf4 Kd3 40. e6 Bxe6
41. Be5 e2 42. Kf2 Kd2 {White resigns} 0-1

[Event "Team 45 45 League T42"]
[Site "Internet Chess Club"]
[Date "2009.08.29"]
[Round "5"]
[White "Berkshires"]
[Black "smsxman"]
[Result "0-1"]
[WhiteElo "1567"]
[BlackElo "1628"]
[Opening "Philidor's defense"]
[ECO "C41"]
[Time "11:30:33"]
[TimeControl "2700+45"]

1. e4 e5 2. Nf3 d6 3. Nc3 Nc6 4. Bc4 Be7 5. d4 exd4 6. Nxd4 Bd7 7. O-O Nf6 8.
Re1 O-O 9. Bg5 a6 10. Nf5 Bxf5 11. exf5 b5 12. Bd3 Ne5 13. Be4 Nxe4 14. Bxe7
Nxc3 15. bxc3 Qxe7 16. f4 Qf6 17. fxe5 dxe5 18. Qf3 c6 19. Re2 Rfe8 20. Rae1
Rad8 21. Re4 Qd6 22. Qe3 f6 23. g4 c5 24. c4 b4 25. c3 a5 26. cxb4 cxb4 27. c5
Qc7 28. Rc4 Rd5 29. c6 Red8 30. Qb3 Kh8 31. Rec1 Rd3 32. Qb1 Rd2 33. Kh1 e4 34.
Kg1 Qxh2+ 35. Kf1 Qf2# {White checkmated} 0-1

[Event "Team 45 45 League T42"]
[Site "Internet Chess Club"]
[Date "2009.08.31"]
[Round "5"]
[White "DrOMM"]
[Black "beerss"]
[Result "1-0"]
[WhiteElo "1282"]
[BlackElo "1378"]
[Opening "French: advance variation"]
[ECO "C02"]
[Time "15:30:13"]
[TimeControl "2700+45"]

1. e4 e6 2. d4 d5 3. e5 Nc6 4. c3 Nge7 5. f4 Nf5 6. Nf3 Be7 7. g4 Nh4 8. g5
Nxf3+ 9. Qxf3 O-O 10. h4 b5 11. Bd3 b4 12. Be3 bxc3 13. bxc3 a5 14. h5 g6 15.
hxg6 fxg6 16. Qh3 Rf7 17. Bxg6 Rg7 18. Bxh7+ Kf8 19. Nd2 Ke8 20. Nb3 Nb4 21.
cxb4 Bxb4+ 22. Bd2 Qe7 23. Bxb4 Qxb4+ 24. Kf2 a4 25. Nc5 Ke7 26. Qe3 Ra5 27.
Rab1 Qc4 28. Ra1 Ke8 29. Bd3 Qb4 30. Rab1 Qb6 31. Rxb6 cxb6 32. Rh8+ Ke7 33.
Rxc8 bxc5 34. Rxc5 Ra7 35. Qc1 {Black resigns} 1-0

[Event "Team 45 45 League T42"]
[Site "Internet Chess Club"]
[Date "2009.08.28"]
[Round "5"]
[White "chips"]
[Black "ars-felidae"]
[Result "0-1"]
[WhiteElo "1203"]
[BlackElo "1254"]
[Opening "Konstantinopolsky opening"]
[ECO "C44"]
[Time "05:40:29"]
[TimeControl "2700+45"]

1. Nf3 Nc6 2. e4 e5 3. g3 Nf6 4. d3 d5 5. Nbd2 d4 6. Bg2 Bb4 7. O-O Bg4 8. a3
Be7 9. Kh1 Qd7 10. c4 dxc3 11. bxc3 Qxd3 12. Bb2 Rd8 13. Qb3 b6 14. Rfd1 O-O 15.
Bf1 Bxf3+ 16. Nxf3 Qxf3+ 17. Bg2 Qxf2 18. Rf1 Na5 19. Qb5 Qc5 20. a4 Qxb5 21.
axb5 Rd2 22. Rfb1 Ng4 23. Ba3 Bxa3 24. Rxa3 Rfd8 25. h4 Rd1+ 26. Rxd1 Rxd1+ 27.
Bf1 Rxf1+ {White resigns} 0-1

[Event "Team 45 45 League T42"]
[Site "Internet Chess Club"]
[Date "2009.08.30"]
[Round "5"]
[White "houseofcook"]
[Black "ilknight"]
[Result "1-0"]
[WhiteElo "1502"]
[BlackElo "1426"]
[Opening "Sicilian: Alapin's variation (2.c3)"]
[ECO "B22"]
[Time "11:00:06"]
[TimeControl "2700+45"]

1. e4 c5 2. c3 d6 3. d4 cxd4 4. cxd4 Nf6 5. Nc3 Qa5 6. Bd2 Qb6 7. Bc1 e6 8. Nf3
Nc6 9. Be2 g6 10. O-O Bg7 11. Na4 Qc7 12. Nc3 O-O 13. Nb5 Qb6 14. Nxd6 Nd7 15.
Nc4 Qc7 16. Be3 e5 17. d5 Na5 18. Rc1 Nxc4 19. Rxc4 Qa5 20. a3 Nb6 21. Bd2
{Black resigns} 1-0

[Event "Team 45 45 League T42"]
[Site "Internet Chess Club"]
[Date "2009.08.31"]
[Round "5"]
[White "dxf"]
[Black "JimGaming"]
[Result "0-1"]
[WhiteElo "1171"]
[BlackElo "1280"]
[Opening "Sicilian: Alapin's variation (2.c3)"]
[ECO "B22"]
[Time "13:02:38"]
[TimeControl "2700+45"]

1. e4 c5 2. c3 g6 3. d4 cxd4 4. cxd4 d5 5. e5 Bg7 6. Nf3 Bg4 7. Be2 Bxf3 8. Bxf3
e6 9. O-O Ne7 10. Nc3 O-O 11. Bg5 Qd7 12. Qd2 Nf5 13. Be2 a6 14. Rac1 Nc6 15.
Be3 b5 16. a3 h5 17. g4 Nxe3 18. Qxe3 hxg4 19. Bxg4 Kh7 20. Qh3+ Bh6 21. Rcd1
Kg7 22. Rd3 Rh8 23. Qg2 Bf4 24. Rh3 Nxd4 25. Rxh8 Rxh8 26. h3 Nc6 27. Bf3 Nxe5
28. Ne2 Nxf3+ 29. Qxf3 Bc7 30. Qc3+ f6 31. Rc1 Rc8 32. Qc2 Bh2+ 33. Kxh2 Rxc2
34. Rxc2 e5 35. Rd2 f5 36. Nc3 d4 37. Kg2 Qc6+ 38. f3 dxc3 39. bxc3 f4 40. Rd3
Kh6 41. h4 Kh5 42. Kh3 Qe6+ 43. Kg2 Kxh4 44. Rd8 Kg5 45. Kf2 Qb6+ {White
resigns} 0-1

[Event "Team 45 45 League T42"]
[Site "Internet Chess Club"]
[Date "2009.08.30"]
[Round "5"]
[White "MeansToAnEnd"]
[Black "theartist"]
[Result "0-1"]
[WhiteElo "1100"]
[BlackElo "1111"]
[Opening "French: Swiss variation"]
[ECO "C11"]
[Time "12:31:04"]
[TimeControl "2700+45"]

1. e4 e6 2. d4 d5 3. Nc3 Nf6 4. Bd3 c5 5. Nf3 Nc6 6. e5 Nd7 7. Ne2 c4 8. Bxc4
dxc4 9. c3 b5 10. a4 Ba6 11. Qc2 Be7 12. Qe4 Qc7 13. axb5 Bxb5 14. Ra5 Qxa5 15.
Bg5 Qa1+ 16. Bc1 O-O 17. O-O Qa6 18. d5 Na5 19. Bg5 Bxg5 20. Nxg5 g6 21. dxe6
Nc5 22. Qd4 Nxe6 23. Nxe6 Qxe6 24. Nf4 Qd7 25. Nd5 Qe6 26. Nf6+ Kg7 27. Qh4 Rh8
28. g4 Qxe5 29. g5 h5 30. f4 Qe3+ 31. Rf2 Qc1+ 32. Kg2 Bc6+ 33. Kh3 Rab8 34. Re2
Qf1+ {White resigns} 0-1

[Event "Team 45 45 League T42"]
[Site "Internet Chess Club"]
[Date "2009.08.30"]
[Round "5"]
[White "damnwrite"]
[Black "sere"]
[Result "1-0"]
[WhiteElo "1140"]
[BlackElo "1075"]
[Opening "Four knights game"]
[ECO "C47"]
[Time "11:00:27"]
[TimeControl "2700+45"]

1. e4 e5 2. Nf3 Nc6 3. Nc3 Nf6 4. d3 Bb4 5. Bd2 O-O 6. a3 Bc5 7. b4 Bb6 8. Qe2
d5 9. exd5 Nxd5 10. Nxd5 Qxd5 11. c4 Qd6 12. Be3 Bxe3 13. Qxe3 Bf5 14. Be2 Rad8
15. Rd1 Rd7 16. O-O Rfd8 17. c5 Qg6 18. Nh4 Qf6 19. Nxf5 Qxf5 20. h3 Nd4 21. Bg4
Qg6 22. Bxd7 Rxd7 23. f3 h6 24. Qxe5 Nf5 25. Qe8+ {Black resigns} 1-0

[Event "Team 45 45 League T42"]
[Site "Internet Chess Club"]
[Date "2009.08.30"]
[Round "5"]
[White "xlxe5"]
[Black "jjaillet2007"]
[Result "1-0"]
[WhiteElo "1409"]
[BlackElo "1229"]
[Opening "Queen's pawn game"]
[ECO "D02"]
[Time "20:02:50"]
[TimeControl "2700+45"]

1. d4 d5 2. Nf3 e6 3. e3 c5 4. c3 Nc6 5. Bd3 cxd4 6. exd4 Bd6 7. Qe2 Nf6 8. O-O
O-O 9. Nbd2 Re8 10. Ne5 Nd7 11. Nxd7 Bxd7 12. Nf3 e5 13. dxe5 Nxe5 14. Nxe5 Bxe5
15. Qh5 g6 16. Qg5 Bf6 17. Qxd5 Bc6 18. Qxd8 Raxd8 19. Bc2 Bb5 20. Be3 Bxf1 21.
Kxf1 b6 22. Re1 Kg7 23. h3 h6 24. Re2 Bg5 25. Ba4 Re6 26. Bb3 Red6 27. Bd4+ Bf6
28. Be3 a5 29. a4 Re8 30. Bxh6+ Kxh6 31. Rxe8 Rd2 32. Bxf7 Rxb2 33. Re6 Kg5 34.
h4+ Kf5 35. g4+ Kxg4 36. Rxf6 Kxh4 37. Rxg6 b5 38. axb5 Rxb5 39. c4 Rb1+ 40. Ke2
a4 41. Kf3 Rb3+ 42. Kf4 Kh3 43. Bd5 Rd3 44. Rh6# {Black checkmated} 1-0

[Event "Team 45 45 League T42"]
[Site "Internet Chess Club"]
[Date "2009.08.31"]
[Round "5"]
[White "cobbler"]
[Black "kingsrook"]
[Result "0-1"]
[WhiteElo "1262"]
[BlackElo "1313"]
[Opening "Réti: King's Indian attack, Keres variation"]
[ECO "A07"]
[Time "14:03:12"]
[TimeControl "2700+45"]

1. Nf3 d5 2. g3 Bg4 3. Bg2 Nd7 4. O-O e5 5. d3 Ngf6 6. Nbd2 Bd6 7. c3 c6 8. Qb3
Qc7 9. e4 O-O 10. Nh4 Be6 11. Nf5 Bc5 12. Ne3 d4 13. Nec4 b5 14. Qc2 bxc4 15. b3
cxd3 16. Qxd3 Rfd8 17. Bb2 dxc3 18. Bxc3 Nb6 19. Qc2 Bd4 20. Nf3 Bxc3 21. Qxc3
Nxe4 22. Qxe5 Qxe5 23. Nxe5 Bd5 24. Rfd1 Re8 25. Nd3 Nc3 26. Rd2 Bxg2 27. Kxg2
Rad8 28. Rc1 Ne4 29. Re2 Rxd3 30. f3 Nf6 31. Rxe8+ Nxe8 32. Re1 Kf8 33. Rc1 Rd2+
34. Kh3 Rxa2 35. Rxc6 Ra3 36. Rc5 Rxb3 37. f4 Ra3 38. Kh4 g6 39. h3 Kg7 40. Re5
Nd6 41. Kg4 h5+ 42. Kh4 Nf5+ 43. Kg5 Rxg3# {White checkmated} 0-1

[Event "Team 45 45 League T42"]
[Site "Internet Chess Club"]
[Date "2009.08.28"]
[Round "5"]
[White "WzeroMN"]
[Black "joaoazm"]
[Result "0-1"]
[WhiteElo "1201"]
[BlackElo "1223"]
[Opening "Ruy Lopez: ...b5 & ...d6"]
[ECO "C70"]
[Time "17:30:12"]
[TimeControl "2700+45"]

1. e4 e5 2. Nf3 Nc6 3. Bb5 a6 4. Ba4 b5 5. Bb3 Nf6 6. O-O d6 7. Re1 Bb7 8. d3
Qe7 9. Bg5 h6 10. Bh4 g5 11. Bg3 O-O-O 12. Nc3 Nd4 13. Nxd4 exd4 14. Nd5 Nxd5
15. Bxd5 Bxd5 16. exd5 Qd7 17. c4 b4 18. b3 Kb7 19. a3 f5 20. f4 g4 21. axb4 Bg7
22. Bh4 Rde8 23. Qd2 Rxe1+ 24. Rxe1 Re8 25. Rxe8 Qxe8 26. Qe1 Qxe1+ 27. Bxe1 h5
28. Bh4 Kb6 29. Kf1 c5 30. bxc5+ Kxc5 31. Ke2 Kb4 32. Be7 Kc5 33. Kd2 a5 34. Kc2
Bh6 35. g3 h4 36. Kb2 hxg3 37. hxg3 Bxf4 38. Bh4 Bd2 39. Ka3 Be1 40. Kb2 f4 41.
Bg5 fxg3 42. Bh4 g2 43. Bxe1 g1=Q {White resigns} 0-1

[Event "Team 45 45 League T42"]
[Site "Internet Chess Club"]
[Date "2009.08.30"]
[Round "5"]
[White "PsyMar"]
[Black "bowwrestler"]
[Result "0-1"]
[WhiteElo "1070"]
[BlackElo "1050"]
[Opening "Scandinavian: Pytel-Wade variation"]
[ECO "B01"]
[Time "15:21:50"]
[TimeControl "2700+45"]

1. e4 d5 2. exd5 Qxd5 3. Nc3 Qd6 4. Nf3 Nf6 5. d4 a6 6. Be2 e6 7. O-O b5 8. a3
Be7 9. Ng5 Bb7 10. Bf3 Bd5 11. Re1 Nbd7 12. Nce4 Nxe4 13. Bxe4 Qc6 14. Qf3 O-O
15. Qh3 h6 16. f3 Bxe4 17. Nxe4 f5 18. Bxh6 gxh6 19. Qg3+ Kf7 20. Nc5 Nxc5 21.
dxc5 Qxc5+ 22. Kh1 Bd6 23. Qh4 Rh8 24. Qh5+ Kg7 25. Rxe6 Kf8 26. Rf6+ Ke7 27.
Qf7+ Kd8 28. Re1 Kc8 29. Re8+ Rxe8 30. Qxe8+ Kb7 31. Qd7 Qc4 32. Kg1 Qd4+ 33.
Kf1 Qxf6 {White resigns} 0-1

[Event "Team 45 45 League T42"]
[Site "Internet Chess Club"]
[Date "2009.08.30"]
[Round "5"]
[White "BrerRabbit"]
[Black "Razorbackchess"]
[Result "1/2-1/2"]
[WhiteElo "1572"]
[BlackElo "1834"]
[Opening "English opening"]
[ECO "A20"]
[Time "19:04:04"]
[TimeControl "2700+45"]

1. c4 e5 2. g3 Nf6 3. Bg2 c6 4. d4 exd4 5. Qxd4 d5 6. cxd5 cxd5 7. Nf3 Nc6 8.
Qa4 Be7 9. O-O Bd7 10. Qb3 Qc8 11. Rd1 Be6 12. Qa4 O-O 13. Nbd2 h6 14. Nb3 Nb4
15. Nbd4 Bd7 16. Qb3 Nc6 17. Bf4 a6 18. Rac1 Qe8 19. Nxc6 Bxc6 {Game drawn by
mutual agreement} 1/2-1/2

[Event "Team 45 45 League T42"]
[Site "Internet Chess Club"]
[Date "2009.08.27"]
[Round "5"]
[White "BubbaHo-tep"]
[Black "bmw2002"]
[Result "1-0"]
[WhiteElo "1520"]
[BlackElo "1663"]
[Opening "Caro-Kann: advance variation"]
[ECO "B12"]
[Time "21:03:52"]
[TimeControl "2700+45"]

1. e4 c6 2. d4 d5 3. e5 Bf5 4. Nf3 e6 5. Be2 Nd7 6. Nc3 c5 7. Bg5 Be7 8. Bxe7
Nxe7 9. Qd2 cxd4 10. Qxd4 Nc6 11. Qe3 Qb6 12. Qxb6 axb6 13. O-O-O Ndxe5 14. Nxe5
Nxe5 15. Bb5+ Ke7 16. Kb1 Ra5 17. Rhe1 Kd6 18. Bf1 Nd7 19. Nb5+ Kc5 20. Nd4 Kd6
21. Nxf5+ exf5 22. b4 Ra4 23. c3 Rha8 24. Rd2 Ne5 25. f4 Nc4 26. Bxc4 Rc8 27.
Rxd5+ Kc7 28. Rxf5 Kb8 29. Bb5 Ra3 30. c4 Rd8 31. Rd5 Rd3 32. Rxd8+ Rxd8 33. Kc2
Rd4 34. g3 f5 35. Re7 Re4 36. Rxe4 fxe4 37. Kd2 Kc7 38. Ke3 Kd6 39. Kxe4 Ke6 40.
f5+ Kf6 41. g4 Kg5 42. c5 Kxg4 43. cxb6 Kh3 44. Bd7 Kxh2 45. Bc8 h5 46. Bxb7 g5
47. fxg6 h4 48. g7 h3 49. g8=Q Kh1 50. Ke3+ Kh2 51. Ba6 Kh1 52. Kf2 h2 53. Bb7#
{Black checkmated} 1-0

[Event "Team 45 45 League T42"]
[Site "Internet Chess Club"]
[Date "2009.08.29"]
[Round "5"]
[White "zepled37"]
[Black "kingphisch"]
[Result "1-0"]
[WhiteElo "1656"]
[BlackElo "1566"]
[Opening "Caro-Kann: advance variation"]
[ECO "B12"]
[Time "12:09:00"]
[TimeControl "2700+45"]

1. e4 c6 2. d4 d5 3. e5 Bf5 4. Nc3 e6 5. g4 Bg6 6. Nge2 Ne7 7. Nf4 Nd7 8. h4 h6
9. Be3 Qc7 10. Qd2 a6 11. Be2 c5 12. Nxg6 Nxg6 13. f4 cxd4 14. Bxd4 Bc5 15. h5
Ne7 16. Bxc5 Nxc5 17. O-O-O Nc6 18. Rh3 O-O 19. Bf1 Rfd8 20. Qf2 Qb6 21. Kb1 Qa5
22. Bg2 Rac8 23. Qe1 Na4 24. Nxa4 Qxa4 25. Qf2 Nb4 26. Ra3 Qxc2+ 27. Qxc2 Nxc2
28. Rb3 b5 29. Rd2 Ne1 30. Bf1 Rc5 31. Re3 Nc2 32. Rxc2 Rxc2 33. Kxc2 Rc8+ 34.
Rc3 Rxc3+ 35. Kxc3 Kf8 36. Kb4 Ke7 37. Ka5 f6 38. Kxa6 {Black resigns} 1-0

[Event "Team 45 45 League T42"]
[Site "Internet Chess Club"]
[Date "2009.08.27"]
[Round "5"]
[White "twintower"]
[Black "AlPearson"]
[Result "0-1"]
[WhiteElo "1444"]
[BlackElo "1398"]
[Opening "Alekhine's defense: Scandinavian variation"]
[ECO "B02"]
[Time "14:03:05"]
[TimeControl "2700+45"]

1. e4 Nf6 2. Nc3 d5 3. exd5 Nxd5 4. Nf3 Bg4 5. Be2 e6 6. O-O Be7 7. Ne4 O-O 8.
Ng3 c5 9. d4 cxd4 10. Qxd4 Bxf3 11. Bxf3 Nc6 12. c3 Nxd4 {White resigns} 0-1

[Event "Team 45 45 League T42"]
[Site "Internet Chess Club"]
[Date "2009.08.30"]
[Round "5"]
[White "Timotheous"]
[Black "kidviper"]
[Result "0-1"]
[WhiteElo "1669"]
[BlackElo "1817"]
[Opening "English: New York (London) defensive system"]
[ECO "A12"]
[Time "14:00:49"]
[TimeControl "2700+45"]

1. Nf3 d5 2. c4 c6 3. b3 Nf6 4. Bb2 Bf5 5. d3 e6 6. g3 Be7 7. Bg2 O-O 8. O-O
Nbd7 9. Nbd2 Qc7 10. cxd5 exd5 11. Re1 Rfe8 12. Rc1 Bd6 13. Nd4 Bg6 14. Nb5 Qb8
15. Nxd6 Qxd6 16. Rc2 Qe7 17. Nf3 Ng4 18. Qa1 Nge5 19. Nxe5 Nxe5 20. Bxe5 Qxe5
21. Qxe5 Rxe5 22. e4 Rae8 23. Rd2 f5 24. f4 R5e7 25. e5 Bf7 26. Bh3 g6 27. d4
Be6 28. b4 a6 29. Bf1 Rc7 30. Rc1 Rec8 31. Rdc2 Kf8 32. a4 Ke8 33. b5 axb5 34.
axb5 Kd8 35. Kf2 cxb5 36. Rxc7 Rxc7 37. Rxc7 Kxc7 38. Bxb5 Kb6 39. Be2 Ka5 40.
Ke3 Kb4 41. Kd2 b5 42. h3 h5 43. h4 Bd7 44. Kc2 Ka3 45. Bf3 Be6 46. Be2 b4 47.
Bb5 b3+ 48. Kb1 Kb4 49. Be8 Kc3 50. Bxg6 Bc8 51. Bxh5 Ba6 52. Bd1 Bd3+ 53. Bc2
Bxc2+ 54. Kc1 b2# {White checkmated} 0-1

[Event "Team 45 45 League T42"]
[Site "Internet Chess Club"]
[Date "2009.08.30"]
[Round "5"]
[White "John3v16"]
[Black "noblitz-oblige"]
[Result "0-1"]
[WhiteElo "1641"]
[BlackElo "1668"]
[Opening "Scotch gambit: Dubois-Réti defense"]
[ECO "C55"]
[Time "07:00:07"]
[TimeControl "2700+45"]

1. e4 e5 2. Nf3 Nc6 3. Bc4 Nf6 4. d4 exd4 5. Nxd4 d5 6. exd5 Nxd5 7. O-O Be7 8.
Re1 O-O 9. Nxc6 bxc6 10. Qf3 Rb8 11. Rd1 Bd6 12. Nc3 Nxc3 13. bxc3 Qh4 14. Rxd6
cxd6 15. Qxc6 Bb7 16. Qc7 Qe4 17. Bf1 Rbc8 18. Qd7 Rxc3 19. f3 Qd4+ 20. Kh1 Rxf3
{White resigns} 0-1

[Event "Team 45 45 League T42"]
[Site "Internet Chess Club"]
[Date "2009.08.28"]
[Round "5"]
[White "SilverBlade"]
[Black "kidcobra"]
[Result "0-1"]
[WhiteElo "1609"]
[BlackElo "1522"]
[Opening "two knights defense: Ulvestad variation"]
[ECO "C57"]
[Time "09:55:29"]
[TimeControl "2700+45"]

1. e4 e5 2. Nf3 Nc6 3. Bc4 Nf6 4. Ng5 d5 5. exd5 b5 6. Bb3 Nd4 7. Nf3 Nxb3 8.
axb3 Nxd5 9. d3 Bd6 10. O-O O-O 11. Nbd2 Bf5 12. Ne4 Bxe4 13. dxe4 Nf6 14. Qd3
a6 15. Bg5 h6 16. Bh4 Qe7 17. c4 bxc4 18. bxc4 Rfd8 19. Qc2 c5 20. Ra2 Ra7 21.
Nd2 Qe6 22. Qc3 Be7 23. Re1 Rad7 24. Nf3 Rd1 25. Bxf6 Bxf6 26. Ra1 Rxe1+ 27.
Rxe1 Qd6 28. b3 Qd3 29. Qa5 Qxb3 30. Qxc5 Qb8 31. Qa5 Qa7 32. Nxe5 Qd4 33. Nc6
Qc3 34. Qxc3 Bxc3 35. Nxd8 Bxe1 36. Nc6 a5 37. Nd4 a4 38. Nc2 Ba5 39. Kf1 Kf8
40. Ke2 Ke7 41. Kd3 Kd6 42. Kd4 Bb6+ 43. Kd3 Bc5 44. Kc3 Bxf2 45. Kb4 Ke5 46. c5
Kxe4 47. c6 Bb6 48. Kb5 Bc7 49. Ka6 Bxh2 50. Kb7 Kd3 51. Na3 Ke2 52. c7 Bxc7 53.
Kxc7 Kf2 54. Kd7 Kxg2 55. Ke7 h5 56. Kxf7 h4 57. Kxg7 h3 {White resigns} 0-1

[Event "Team 45 45 League T42"]
[Site "Internet Chess Club"]
[Date "2009.08.30"]
[Round "5"]
[White "Skyler"]
[Black "Mudfrog"]
[Result "1-0"]
[WhiteElo "1434"]
[BlackElo "1509"]
[Opening "Two knights defense"]
[ECO "C56"]
[Time "16:00:09"]
[TimeControl "2700+45"]

1. e4 e5 2. Nf3 Nc6 3. Bc4 Nf6 4. d4 exd4 5. O-O Nxe4 6. Re1 d5 7. Bxd5 Qxd5 8.
Nc3 Qd8 9. Nxe4 Be7 10. Ng3 Bg4 11. h3 Bxf3 12. Qxf3 O-O 13. Nf5 Bf6 14. Qg4 Re8
15. Rd1 Ne5 16. Qe4 Ng6 17. Qg4 c6 18. Nxd4 Bxd4 19. Rxd4 Re1+ 20. Kh2 Qc7+ 21.
g3 c5 22. Rd1 Rxd1 23. Qxd1 Rd8 24. Qf1 Nh4 25. Bg5 Nf3+ 26. Kg2 Nxg5 27. Re1
Qc6+ 28. f3 Kf8 29. Qe2 b6 30. Qe7+ {Black resigns} 1-0

[Event "Team 45 45 League T42"]
[Site "Internet Chess Club"]
[Date "2009.09.01"]
[Round "5"]
[White "KingOfHearts"]
[Black "jocooper"]
[Result "0-1"]
[WhiteElo "1229"]
[BlackElo "1190"]
[Opening "Pirc: Holmov system"]
[ECO "B07"]
[Time "21:00:05"]
[TimeControl "2700+45"]

1. e4 d6 2. d4 Nf6 3. Nc3 g6 4. Bc4 Bg7 5. Nge2 O-O 6. O-O Nbd7 7. Bd2 c6 8. b4
b5 9. Bd3 e5 10. d5 a6 11. dxc6 Nb6 12. Be3 Qc7 13. a4 bxa4 14. Nxa4 Nxa4 15.
Rxa4 Qxc6 16. c4 Rd8 17. Qd2 Qxa4 18. Qc3 Qd7 19. Ra1 Bb7 20. Ng3 Rdc8 21. f4
Ng4 22. Bd2 exf4 23. Bxf4 Bxc3 {White resigns} 0-1

[Event "Team 45 45 League T42"]
[Site "Internet Chess Club"]
[Date "2009.08.28"]
[Round "5"]
[White "RancidTurnip"]
[Black "kabubi"]
[Result "1-0"]
[WhiteElo "1245"]
[BlackElo "1240"]
[Opening "Scotch gambit: Benima defense"]
[ECO "C44"]
[Time "21:00:11"]
[TimeControl "2700+45"]

1. e4 e5 2. Nf3 Nc6 3. d4 exd4 4. Bc4 Be7 5. Nxd4 Na5 6. Bxf7+ Kxf7 7. Qh5+ Kf8
8. Qxa5 Nf6 9. f3 c5 10. Qxd8+ Bxd8 11. Nf5 d5 12. Nd6 Ke7 13. Nxc8+ Rxc8 14.
exd5 Nxd5 15. O-O Re8 16. c4 Nb6 17. Re1+ Kd7 18. Rxe8 Kxe8 19. Na3 a6 20. Bf4
Na4 21. Re1+ Kf7 22. Re2 Bf6 23. b3 Nc3 24. Rd2 Bd4+ 25. Kf1 Re8 26. Nc2 Nb1 27.
Re2 Rxe2 28. Kxe2 Nc3+ 29. Kd3 Nxa2 30. Nxd4 cxd4 31. Kxd4 Nb4 32. Bc7 Ke7 33.
Kc5 Nd3+ 34. Kb6 Kd7 35. Kxb7 Nc5+ 36. Kb8 Nxb3 37. Be5 a5 38. Bxg7 Kc6 39. f4
Nc5 40. f5 Nd7+ 41. Kc8 Nb6+ 42. Kd8 Nxc4 43. Ke7 Nb6 44. g4 Nc8+ 45. Ke6 Nd6
46. f6 Ne8 47. Bh8 Nxf6 48. Bxf6 a4 49. h4 a3 50. h5 a2 51. g5 {Black resigns}
1-0

[Event "Team 45 45 League T42"]
[Site "Internet Chess Club"]
[Date "2009.08.29"]
[Round "5"]
[White "rgadoury"]
[Black "WannaB"]
[Result "1-0"]
[WhiteElo "1268"]
[BlackElo "980"]
[Opening "Queen's pawn"]
[ECO "A40"]
[Time "16:00:19"]
[TimeControl "2700+45"]

1. d4 e6 2. g3 Nc6 3. Nf3 Be7 4. Bg2 Nf6 5. O-O Nd5 6. e4 Nb6 7. b3 O-O 8. Bb2
d6 9. c4 f6 10. Bc3 a5 11. Nbd2 a4 12. b4 d5 13. c5 Nc4 14. Nxc4 dxc4 15. a3 e5
16. d5 Nd4 17. Nxd4 exd4 18. Qxd4 b6 19. cxb6 cxb6 20. Rfe1 Rb8 21. Qxc4 b5 22.
Qd4 Bd6 23. f4 Qb6 24. Qxb6 Rxb6 25. h3 Rb7 26. e5 fxe5 27. fxe5 Be7 28. d6 Bg5
29. Bxb7 Bxb7 30. Rf1 Be3+ 31. Kh2 Rf2+ 32. Rxf2 Bxf2 33. Rf1 Bb6 34. d7 Bc6 35.
e6 Bd8 36. Rf7 Bd5 37. Rxg7+ Kf8 38. Rf7+ Kg8 39. e7 Bxe7 40. Rxe7 {Black
resigns} 1-0

[Event "Team 45 45 League T42"]
[Site "Internet Chess Club"]
[Date "2009.08.30"]
[Round "5"]
[White "ThePatzer"]
[Black "guyd52"]
[Result "1/2-1/2"]
[WhiteElo "1249"]
[BlackElo "1356"]
[Opening "King's Indian: 6.Be2"]
[ECO "E91"]
[Time "07:00:11"]
[TimeControl "2700+45"]

1. d4 Nf6 2. c4 g6 3. Nc3 Bg7 4. e4 d6 5. Nf3 O-O 6. Be2 Nbd7 7. Be3 e5 8. O-O
Ng4 9. Bg5 Qe8 10. Nb5 Nb6 11. Nxc7 Qc6 12. Nxa8 Nxa8 13. b3 exd4 14. Bd3 Qc5
15. Bc1 f5 16. Bb2 Nc7 17. exf5 Bxf5 18. Bxf5 Ne3 19. fxe3 dxe3 20. Qe2 Bxb2 21.
Rad1 Rxf5 22. Rd3 Ne6 23. Kh1 Nf4 24. Qxe3 Nxd3 25. Qxd3 d5 26. g4 Rf4 27. Qd2
Be5 28. cxd5 Bd6 29. h3 h5 30. Qf2 hxg4 31. hxg4 Rxg4 32. Qxc5 Bxc5 33. Ne5 Rh4+
34. Kg2 Kg7 35. Rd1 Bd6 36. Nc4 Rg4+ 37. Kf3 Rg3+ 38. Ke4 Rg4+ 39. Kf3 Rf4+ 40.
Ke3 Rf6 41. Nxd6 Rxd6 42. Ke4 Kf7 43. Ke5 Ke7 44. Rg1 b5 45. b4 a6 46. Rc1 Kd7
47. Rg1 {Game drawn by mutual agreement} 1/2-1/2

[Event "Team 45 45 League T42"]
[Site "Internet Chess Club"]
[Date "2009.08.31"]
[Round "5"]
[White "CoasterBrake"]
[Black "ffplayer"]
[Result "1-0"]
[WhiteElo "1224"]
[BlackElo "1052"]
[Opening "English: symmetrical variation"]
[ECO "A16"]
[Time "18:31:02"]
[TimeControl "2700+45"]

1. c4 Nf6 2. Nc3 c5 3. g3 Nc6 4. Bg2 e6 5. Nf3 Be7 6. d3 O-O 7. O-O a6 8. d4
cxd4 9. Nxd4 Nxd4 10. Qxd4 Rb8 11. Bf4 d6 12. Qd2 Ne8 13. Ne4 e5 14. Be3 f5 15.
Ng5 h6 16. Bd5+ Kh8 17. Nf7+ Rxf7 18. Bxf7 Nf6 19. Bd5 Nxd5 20. Qxd5 f4 21. Bd2
Qe8 22. Bb4 Qd7 23. Rfd1 Qe6 24. Qxe6 Bxe6 25. b3 fxg3 26. hxg3 Rd8 27. c5 d5
28. Rac1 b6 29. Ba3 Bxc5 30. Bxc5 bxc5 31. Rxc5 Ra8 32. Rc6 Bg8 33. Rdc1 Kh7 34.
Rc8 Ra7 35. R1c7 Rxc7 36. Rxc7 Be6 37. Rc6 {Black resigns} 1-0